 Dungeon Crawl Stone Soup version 0.31.0-12-g77e489cdc1 (webtiles) character file.

Game seed: 17899351253224141506

107 sking99 the Charlatan (level 4, 0/23 HPs)
             Began as a Spriggan Artificer on Feb 23, 2024.
             Incinerated by a bombardier beetle (2 damage)
             ... with a burning spray
             ... on level 2 of the Dungeon.
             The game lasted 00:05:21 (1423 turns).

sking99 the Charlatan (Spriggan Artificer)          Turns: 1423, Time: 00:05:22

Health: 0/23       AC:  3    Str: 10    XL:     4   Next: 57%
Magic:  14/14      EV: 18    Int: 12    God:
Gold:   93         SH:  5    Dex: 15    Spells: 3/3 levels left

rFire   . . .        j - +0 dagger
rCold   . . .        (no shield)
rNeg    . . .        b - +0 robe
rPois   .            q - +1 hat
rElec   .            (no cloak)
rCorr   .            (gloves unavailable)
SInv    +            (boots unavailable)
Will    .....        a - amulet of reflection
Stlth   +            o - ring of magical power
HPRegen 0.23/turn    (no ring)
MPRegen 0.14/turn

%: reflection
@: on fire, glowing, very quick
A: very small, no large weapons, unfitting armour, see invisible, speed 3
a: no special abilities


You were on level 2 of the Dungeon.
You visited 1 branch of the dungeon, and saw 2 of its levels.

You collected 93 gold pieces.

Inventory:

Hand Weapons
 j - a +0 dagger (weapon)
Armour
 b - a +0 robe (worn)
 l - a +0 buckler
 q - a +1 hat (worn)
Jewellery
 a - an amulet of reflection (around neck)
 o - a ring of magical power (left hand)
Wands
 c - a wand of flame (5) (quivered)
 d - a wand of charming (14)
 e - a wand of iceblast (3)
Scrolls
 f - a scroll of teleportation {unknown}
 g - a scroll of immolation {unknown}
 h - a scroll of fog {unknown}
 i - a scroll of identify {unknown}
 k - a scroll of enchant armour {unknown}
 m - a scroll of blinking {unknown}
 n - a scroll of amnesia {unknown}
 r - 2 scrolls of brand weapon {unknown}
Potions
 p - a potion of curing {unknown}


   Skills:
 + Level 1.7 Fighting
 * Level 2.4 Short Blades
 + Level 4.1 Dodging
 - Level 2.0 Stealth
 + Level 4.9 Evocations


You had 3 spell levels left.
You didn't know any spells.
Your spell library was empty.

Dungeon Overview and Level Annotations

Branches:
Dungeon (2/15)

Altars:


Innate Abilities, Weirdness & Mutations

You are very small and have problems with some larger weapons.
You are too small for most types of armour.
You have supernaturally acute eyesight. (SInv)
You cover ground extremely quickly. (Speed+++)


Message History

A bombardier beetle comes into view.
The orc hits your orc priest with a +0 dagger.
Hit: j) +0 dagger
Press: ? - help, Dir - move target, f - you, p - orc priest
Okay, then.
Aiming: Iceblast
Press: ? - help, Shift-Dir - straight line, f - orc, p - orc priest
Aim: an orc, wielding a +0 dagger and wearing a +0 leather armour (moderately wounded)
The mass of ice explodes!
The iceblast engulfs your orc priest!!
You kill your orc priest!
The iceblast engulfs the orc!
You kill the orc!
The iceblast engulfs the orc!!
You kill the orc!
Your Short Blades skill increases to level 2!
Your Dodging skill increases to level 4!
You have reached level 4!
Aiming: Throw Flame
Press: ? - help, Q - select action, (/) - cycle Shift-Dir - straight line, f - bombardier beetle
Aim: a bombardier beetle (84% to hit)
The puff of flame hits the bombardier beetle.
The bombardier beetle is lightly wounded.
Aiming: Throw Flame
Press: ? - help, Q - select action, (/) - cycle Shift-Dir - straight line, f/p - bombardier beetle
Aim: a bombardier beetle (lightly wounded, 84% to hit)
The puff of flame hits the bombardier beetle!
The bombardier beetle is severely wounded.
The bombardier beetle sprays incendiary fluid at you.
The burning spray hits you.
You are covered in liquid fire!
Aiming: Throw Flame
Press: ? - help, Q - select action, (/) - cycle Shift-Dir - straight line, f/p - bombardier beetle
Aim: a bombardier beetle (severely wounded, 84% to hit)
The puff of flame hits the bombardier beetle!
You kill the bombardier beetle!
The liquid fire burns you!
* * * LOW HITPOINT WARNING * * *
You shake off some of the fire as you move.
The liquid fire burns you!
You die...

#.# #.#...... #.#
#......## #.#
#####.## #.# #.#
#####.# #.# #...#.#
##'## #.#...#
##...## #...###
##.....# ###@##.##
#.......
#...))..####........
#.#..).....+........
#.#.#...####........
#.#...<..# ##.......
#†###.##.# ##.....#
#. #.# .# ##...## #.
..# .# ##+# ## ####
.#


There were no monsters in sight!

Vanquished Creatures
  An orc priest (D:2)
  A bombardier beetle (D:2)
  An adder (D:2)
  2 ribbon worms (D:2)
  2 orcs (D:2)
  3 ball pythons
  A giant cockroach (D:1)
  4 goblins
  3 hobgoblins (D:1)
  2 kobolds (D:1)
  3 quokkas
  6 bats
  4 frilled lizards
  2 rats (D:1)
35 creatures vanquished.

Notes
Turn   | Place    | Note
-------+----------+-------------------------------------------
     0 | D:1      | sking99 the Spriggan Artificer began the quest for the Orb.
     0 | D:1      | Reached XP level 1. HP: 9/9 MP: 2/2
   316 | D:1      | Reached skill level 1 in Fighting
   316 | D:1      | Reached XP level 2. HP: 14/14 MP: 3/3
   851 | D:2      | Reached skill level 1 in Short Blades
   861 | D:2      | Reached XP level 3. HP: 18/18 MP: 4/4
  1420 | D:2      | Reached XP level 4. HP: 6/22 MP: 5/5
  1423 | D:2      | Incinerated by a bombardier beetle

Illustrated notes

Levels and vault maps discovered:
D:1:      eino_arrival_water_cross, layout_rooms, serial_bayou_pond_e
D:2:      layout_loops_corners, basic_altar

Skill      XL: |  1  2  3 |
---------------+----------+-----
Stealth        | 2 |  2.0
Fighting       | 1 |  1.7
Short Blades   | 1 2 |  2.4
Dodging        | 4 |  4.1
Evocations     | |  4.9

Action                     |  1- 3 |  4- 6 || total
---------------------------+-------+-------++-------
  Melee: Club              |    24 |       ||    24
         Dagger            |   177 |       ||   177
         Punch             |     4 |       ||     4
  Evoke: Wand              |    10 |     3 ||    13
   Stab: Distracted        |     1 |       ||     1
         Sleeping          |     1 |       ||     1
 Armour: Robe              |    60 |       ||    60
  Dodge: Dodged            |   173 |       ||   173
  Block: Other             |    16 |       ||    16
         Reflection        |     1 |       ||     1
